 Dungeon Crawl Stone Soup version 0.28.0-53-g5a82cb258f (webtiles) character file.

Game seed: 3762066864446182143

53 Stomo the Gusty (level 3, -1/16 HPs)
             Began as a Vine Stalker Air Elementalist on June 30, 2022.
             Killed from afar by Natasha (11 damage)
             ... with a puff of flame
             ... on level 3 of the Dungeon.
             The game lasted 00:04:03 (2531 turns).

Stomo the Gusty (Vine Stalker Air Elementalist)     Turns: 2531, Time: 00:04:03

Health: -1/16      AC:  2    Str: 12    XL:     3   Next: 89%
Magic:  0/7        EV: 12    Int: 15    God:
Gold:   79         SH:  0    Dex: 14    Spells: 3/6 levels left

rFire   x . .      SeeInvis .   b - +0 whip
rCold   + . .      Faith    .   (no shield)
rNeg    . . .      Spirit   +   a - +0 robe
rPois   .          Reflect  .   (no helmet)
rElec   .          Harm     .   (no cloak)
rCorr   +          Rampage  .   (no gloves)
Will    .....                   (no boots)
Stlth   ++........              (no amulet)
HPRegen 0.05/turn               j - ring of ice
MPRegen 0.10/turn               o - ring of resist corrosion

@: no status effects
A: fangs 2, magic shield, antimagic bite, no potion heal 2
a: no special abilities


You were on level 3 of the Dungeon.
You visited 1 branch of the dungeon, and saw 3 of its levels.

You collected 79 gold pieces.

Inventory:

Hand Weapons
 b - a +0 whip (weapon)
 i - a +0 mace
Missiles
 d - a throwing net
Armour
 a - a +0 robe (worn)
Jewellery
 j - a ring of ice (left hand)
 o - a ring of resist corrosion (right hand)
Wands
 f - a wand of polymorph (13)
Scrolls
 g - a scroll of noise {unknown}
 h - a scroll of immolation {unknown}
 l - a scroll of enchant armour {unknown}
 p - a scroll of brand weapon {unknown}
Potions
 c - a potion of might {unknown}
 e - a potion of resistance {unknown}
 k - a potion of ambrosia {unknown}
 m - a potion of lignification {unknown}
 n - a potion of curing {unknown}


   Skills:
 + Level 0.0 Fighting
 + Level 0.1 Maces & Flails
 + Level 1.6 Dodging
 - Level 2.4 Stealth
 - Level 2.1 Spellcasting
 - Level 1.0 Conjurations
 + Level 4.6 Air Magic


You had 3 spell levels left.
You knew the following spells:

 Your Spells              Type           Power      Damage    Failure   Level
a - Shock                 Conj/Air       40%        1d5       7%          1
b - Static Discharge      Conj/Air       10%        N/A       11%         2

Your spell library contained the following spells:

 Spells                   Type           Power      Damage    Failure   Level
 Swiftness                Air            15%        N/A       10%         3
 Blink                    Tloc           2%         N/A       32%         2
 Lesser Beckoning         Tloc           1%         N/A       54%         3
 Airstrike                Air            7%         N/A       32%         4
 Passage of Golubria      Tloc           1%         N/A       91%         4
 Silence                  Hex/Air        4%         N/A       93%         5
 Manifold Assault         Tloc           1%         N/A       99%         5
 Lehudib's Crystal Spear  Conj/Erth      1%         10d2      100%        8


Dungeon Overview and Level Annotations

Branches:
Dungeon (3/15)

Altars:
Zin

Annotations:
D:3 Natasha


Innate Abilities, Weirdness & Mutations

You have extremely sharp teeth.
When hurt, damage is shared between your health and your magic reserves.
Your bite disrupts and absorbs the magic of your enemies.
Potions cannot restore your health.


Message History

You feel more attuned to ice.
j - a ring of ice (left hand)
o - a ring of resist corrosion (right hand) Unknown command.
Casting: Shock (safe; 7% risk of failure)
Confirm with . or Enter, or press ? or * to list all spells.
Aiming: Shock (safe; 7% risk of failure)
Press: ? - help, Shift-Dir - straight line, f - rat
Aim: a rat (68% to hit)
The zap hits the rat.
The rat is heavily wounded.
Casting: Shock (safe; 7% risk of failure)
Confirm with . or Enter, or press ? or * to list all spells.
Aiming: Shock (safe; 7% risk of failure)
Press: ? - help, Shift-Dir - straight line, f/p - rat
Aim: a rat (heavily wounded, 68% to hit)
The zap misses the rat.
Unknown command.
Casting: Shock (safe; 7% risk of failure)
Confirm with . or Enter, or press ? or * to list all spells.
Aiming: Shock (safe; 7% risk of failure)
Press: ? - help, Shift-Dir - straight line, f/p - rat
Aim: a rat (heavily wounded, 68% to hit)
The zap hits the rat.
You kill the rat!
Unknown command.
You now have 79 gold pieces (gained 7).
Found a stone staircase leading up.
You open the door.
There is an open door here.
Found a stone staircase leading down.
Natasha, Servant of Life and Death comes into view.
She is carrying a wand of flame (8).
Natasha hisses angrily.
Natasha zaps a wand.
The puff of flame hits you! The fire burns you terribly!
Natasha is nearby!
Natasha is nearby!
Natasha is nearby!
Natasha zaps a wand.
The puff of flame hits you! The fire burns you terribly!
Ouch! That really hurt!
You die...

.. #.#.# #
....#.#.####.#
..h.........># #.
#h.....# ... #.####.#
.. #. #.# #.####.#..
... #. #.##.#.........
#.##.##.##.#.........
#.#..#.##.##.#@####....
. #†......#.#'## ###
..##............#
#..............#
#.##...........#
#.##...........#
#..............#
#....>.........#
####..............#


You could see Natasha.

Vanquished Creatures
  An adder (D:2)
  4 ball pythons
  2 endoplasms
  2 giant cockroaches
  6 hobgoblins
  3 jackals (D:2)
  6 kobolds
  3 quokkas (D:1)
  3 bats
  3 goblins
  7 rats
40 creatures vanquished.

Vanquished Creatures (others)
  2 plants (D:2)
2 creatures vanquished.

Grand Total: 42 creatures vanquished

Notes
Turn   | Place    | Note
-------+----------+-------------------------------------------
     0 | D:1      | Stomo the Vine Stalker Air Elementalist began the quest for
                  | the Orb.
     0 | D:1      | Reached XP level 1. HP: 9/9 MP: 4/4
   246 | D:1      | Reached XP level 2. HP: 13/13 MP: 4/6
   633 | D:1      | Learned a level 2 spell: Static Discharge
   817 | D:1      | Reached skill level 4 in Air Magic
  1378 | D:2      | Reached XP level 3. HP: 16/16 MP: 5/7
  1976 | D:2      | Found a faded altar of an unknown god.
  2104 | D:2      | Found a glowing silver altar of Zin.
  2526 | D:3      | Noticed Natasha
  2531 | D:3      | Killed from afar by Natasha

Illustrated notes

Levels and vault maps discovered:
D:1:      saegor_arrival_simple_e, layout_basic, amcnicky_mini_pool_small
D:2:      cheibrodos_old_hovel, layout_rooms,
          hellmonk_ecumenical_altar_leap_of_faith, basic_altar
D:3:      layout_basic, minmay_misc_feat_hallway, st_stairs_12, uniq_natasha

Skill      XL: |  1  2 |
---------------+-------+-----
Air Magic      | 4 |  4.6
Maces & Flails | |  0.1
Dodging        | |  1.6
Stealth        | |  2.4
Spellcasting   | |  2.1
Conjurations   | |  1.0

Action                   || total
-------------------------++-------
Melee: Dagger            ||    13
       Bite              ||     5
       Mace              ||     1
 Cast: Shock             ||    68
       Static Discharge  ||     5
Armor: Robe              ||     7
Dodge: Dodged            ||    11
